ESL (28 & UNDER)
RIO GRANDE RATTLESNAKE @ BUFFALO LIGHTSABRES
05/15/2030
 
TOP OF THE 1ST
Rio Grande Rattlesnake batting - Pitching for Buffalo LightSabres : RHP Roy Jordan
Pitching: RHP Roy Jordan
Batting: LHB José Garza 0-0: Called Strike
0-1: Ball
1-1: Ball
2-1: Ball
3-1: Base on Balls
Batting: RHB Matt Dickson 0-0: Called Strike
0-1: Ball
1-1: Called Strike
1-2: Strikes out looking
Batting: RHB Jeff Bane 0-0: Called Strike
0-1: Foul Ball, location: 2F
0-2: Ball
1-2: DOUBLE (Line Drive, 9LM)
José Garza to third
Batting: LHB Claudio Rodríguez 0-0: 3-RUN HOME RUN (Flyball, 89XD), Distance : 394 ft
Batting: RHB Gary Thomas 0-0: Ball
1-0: Ball
2-0: Foul Ball, location: 2F
2-1: Ball
3-1: SINGLE (Line Drive, 56D)
Batting: SHB Arnold Moore 0-0: Ball
1-0: Called Strike
1-1: Ball
2-1: Foul Ball, location: 2F
2-2: Ball
3-2: Foul Ball, location: 2F
3-2: Foul Ball, location: 2F
3-2: Base on Balls
Gary Thomas to second
Batting: RHB David Suarze 0-0: Fly out, F4 (Line Drive, 4)
Lined into DP, 4-6 (Line Drive, 4)
Top of the 1st over - 3 runs, 3 hits, 0 errors, 1 left on base; Rio Grande 3 - Buffalo 0
BOTTOM OF THE 1ST
Buffalo LightSabres batting - Pitching for Rio Grande Rattlesnake : RHP Neil Snow
Pitching: RHP Neil Snow
Batting: RHB Sean King 0-0: Ball
1-0: Reached on error, E6 (Groundball, 6)
Batting: LHB Tim Griffith 0-0: Ball
1-0: Foul Ball, location: 2F
1-1: Ball
2-1: 2-RUN HOME RUN (Flyball, 89XD), Distance : 392 ft
Batting: RHB Augusto Padilla 0-0: Ground out 5-3 (Groundball, 56)
Batting: LHB Garrett King 0-0: Called Strike
0-1: Ground out U3 (Groundball, 3)
Batting: RHB Brad Ravenshaw 0-0: Ball
1-0: Ball
2-0: Called Strike
2-1: Foul Ball, location: 2F
2-2: Fly out, F8 (Flyball, 8LS)
Bottom of the 1st over - 2 runs, 1 hit, 1 error, 0 left on base; Rio Grande 3 - Buffalo 2
TOP OF THE 2ND
Rio Grande Rattlesnake batting - Pitching for Buffalo LightSabres : RHP Roy Jordan
Batting: LHB Pedro Díaz 0-0: Swinging Strike
0-1: Ball
1-1: Ball
2-1: Called Strike
2-2: Strikes out swinging
Batting: RHB José Méndez 0-0: DOUBLE (Line Drive, 7)
Batting: LHB José Garza 0-0: Ball
1-0: Called Strike
1-1: Ball
2-1: Ball
3-1: Base on Balls
Batting: RHB Matt Dickson 0-0: Swinging Strike
0-1: Foul Ball, location: 2F
0-2: Foul Ball, location: 2F
0-2: Foul Ball, location: 2F
0-2: Strikes out swinging
Batting: RHB Jeff Bane 0-0: Called Strike
0-1: Called Strike
0-2: Fly out, F8 (Flyball, 89M)
Top of the 2nd over - 0 runs, 1 hit, 0 errors, 2 left on base; Rio Grande 3 - Buffalo 2
BOTTOM OF THE 2ND
Buffalo LightSabres batting - Pitching for Rio Grande Rattlesnake : RHP Neil Snow
Batting: LHB Rob Davidson 0-0: Ball
1-0: Swinging Strike
1-1: Swinging Strike
1-2: Fly out, F9 (Flyball, 89D)
Batting: RHB Pat McDonald 0-0: Ball
1-0: Swinging Strike
1-1: Swinging Strike
1-2: Foul Ball, location: 2F
1-2: Strikes out swinging
Batting: LHB Sergio Luna 0-0: Swinging Strike
0-1: Called Strike
0-2: Ball
1-2: Strikes out swinging
Bottom of the 2nd over - 0 runs, 0 hits, 0 errors, 0 left on base; Rio Grande 3 - Buffalo 2
TOP OF THE 3RD
Rio Grande Rattlesnake batting - Pitching for Buffalo LightSabres : RHP Roy Jordan
Batting: LHB Claudio Rodríguez 0-0: Called Strike
0-1: Called Strike
0-2: Strikes out swinging
Batting: RHB Gary Thomas 0-0: Foul Ball, location: 2F
0-1: Called Strike
0-2: Fly out, F8 (Flyball, 8LM)
Batting: SHB Arnold Moore 0-0: Called Strike
0-1: Swinging Strike
0-2: Foul Ball, location: 2F
0-2: Fly out, F4 (Popup, 34S)
Top of the 3rd over - 0 runs, 0 hits, 0 errors, 0 left on base; Rio Grande 3 - Buffalo 2
BOTTOM OF THE 3RD
Buffalo LightSabres batting - Pitching for Rio Grande Rattlesnake : RHP Neil Snow
Batting: LHB Júlio Córdova 0-0: Ball
1-0: Foul Ball, location: 2F
1-1: Ball
2-1: Swinging Strike
2-2: Foul Ball, location: 2F
2-2: Ground out U3 (Groundball, 34)
Batting: RHB Sean King 0-0: DOUBLE (Line Drive, 78D)
Batting: LHB Tim Griffith 0-0: Called Strike
0-1: Ball
1-1: Called Strike
1-2: Fly out, F7 (Line Drive, 7)
Batting: RHB Augusto Padilla 0-0: Called Strike
0-1: Foul Ball, location: 2F
0-2: Strikes out swinging
Bottom of the 3rd over - 0 runs, 1 hit, 0 errors, 1 left on base; Rio Grande 3 - Buffalo 2
TOP OF THE 4TH
Rio Grande Rattlesnake batting - Pitching for Buffalo LightSabres : RHP Roy Jordan
Batting: RHB David Suarze 0-0: Ball
1-0: Ball
2-0: Fly out, F7 (Flyball, 7D)
Batting: LHB Pedro Díaz 0-0: Fly out, F8 (Flyball, 8LM)
Batting: RHB José Méndez 0-0: Called Strike
0-1: Ground out 4-3 (Groundball, 4)
Top of the 4th over - 0 runs, 0 hits, 0 errors, 0 left on base; Rio Grande 3 - Buffalo 2
BOTTOM OF THE 4TH
Buffalo LightSabres batting - Pitching for Rio Grande Rattlesnake : RHP Neil Snow
Batting: LHB Garrett King 0-0: Foul Ball, location: 2F
0-1: Foul Ball, location: 2F
0-2: Strikes out swinging
Batting: RHB Brad Ravenshaw 0-0: Ball
1-0: Swinging Strike
1-1: Ground out 4-3 (Groundball, 4S)
Batting: LHB Rob Davidson 0-0: Ball
1-0: Called Strike
1-1: SINGLE (Groundball, 4MD)
Batting: RHB Pat McDonald 0-0: Foul Ball, location: 2F
0-1: Ball
1-1: Fly out, F7 (Flyball, 78S)
Bottom of the 4th over - 0 runs, 1 hit, 0 errors, 1 left on base; Rio Grande 3 - Buffalo 2
TOP OF THE 5TH
Rio Grande Rattlesnake batting - Pitching for Buffalo LightSabres : RHP Roy Jordan
Batting: LHB José Garza 0-0: Foul Ball, location: 2F
0-1: Ball
1-1: Ball
2-1: Ball
3-1: Swinging Strike
3-2: Base on Balls
Batting: RHB Matt Dickson 0-0: Ball
José Garza steals 2nd base
1-0: Foul Ball, location: 2F
1-1: Fly out, F9 (Flyball, 9)
Batting: RHB Jeff Bane 0-0: Called Strike
0-1: Foul Ball, location: 2F
0-2: Strikes out swinging
Batting: LHB Claudio Rodríguez 0-0: Ball
1-0: Ball
2-0: Called Strike
2-1: Ball
3-1: Foul Ball, location: 2F
3-2: Base on Balls
Batting: RHB Gary Thomas 0-0: Ball
1-0: Called Strike
1-1: Called Strike
1-2: Ball
2-2: Ball
3-2: Base on Balls
José Garza to third
Claudio Rodríguez to second
Batting: SHB Arnold Moore 0-0: Ball
1-0: Ball
2-0: Ball
3-0: Called Strike
3-1: Base on Balls
José Garza scores
Claudio Rodríguez to third
Gary Thomas to second
Pitching: RHP Jerry Catron
Batting: RHB David Suarze 0-0: Ball
1-0: Foul Ball, location: 2F
1-1: Foul Ball, location: 2F
1-2: SINGLE (Groundball, 6MD)
Claudio Rodríguez scores
Gary Thomas to third
Arnold Moore to second
Batting: LHB Pedro Díaz 0-0: Ball
1-0: Foul Ball, location: 2F
1-1: SINGLE (Line Drive, 6)
Gary Thomas scores
Arnold Moore to third
David Suarze to second
Runner from 3rd tries for Home, SAFE, throw made home
Batting: RHB José Méndez 0-0: Called Strike
0-1: SINGLE (Groundball, 34D)
David Suarze to third
Pedro Díaz to second
Runner from 3rd tries for Home, SAFE, no throw
Batting: LHB José Garza 0-0: Ball
1-0: Called Strike
1-1: DOUBLE (Flyball, 78XD)
Pedro Díaz scores
José Méndez to third
Batting: RHB Matt Dickson 0-0: Foul Ball, location: 2F
0-1: Ball
1-1: Fly out, F9 (Flyball, 9)
Top of the 5th over - 6 runs, 4 hits, 0 errors, 2 left on base; Rio Grande 9 - Buffalo 2
BOTTOM OF THE 5TH
Buffalo LightSabres batting - Pitching for Rio Grande Rattlesnake : RHP Neil Snow
Batting: LHB Sergio Luna 0-0: Called Strike
0-1: Foul Ball, location: 2F
0-2: Strikes out swinging
Batting: LHB Júlio Córdova 0-0: Swinging Strike
0-1: Foul Ball, location: 2F
0-2: Strikes out swinging
Batting: RHB Sean King 0-0: Called Strike
0-1: Ground out U3 (Groundball, 34S)
Bottom of the 5th over - 0 runs, 0 hits, 0 errors, 0 left on base; Rio Grande 9 - Buffalo 2
TOP OF THE 6TH
Rio Grande Rattlesnake batting - Pitching for Buffalo LightSabres : RHP Jerry Catron
Batting: RHB Jeff Bane 0-0: SINGLE (Line Drive, 78S)
Batting: LHB Claudio Rodríguez 0-0: Called Strike
0-1: Ball
1-1: Fly out, F9 (Flyball, 9LM)
Batting: RHB Gary Thomas 0-0: Ball
Jeff Bane steals 2nd base
1-0: Ball
Jeff Bane steals 3rd base
2-0: Called Strike
2-1: Ball
3-1: SINGLE (Line Drive, 89S)
Jeff Bane scores
Batting: SHB Arnold Moore 0-0: Ground out 4-3 (Groundball, 4MS)
Gary Thomas to second
Batting: RHB David Suarze 0-0: Ball
1-0: Called Strike
1-1: Swinging Strike
1-2: Ball
2-2: Foul Ball, location: 2F
2-2: Ball
3-2: Foul Ball, location: 2F
3-2: Base on Balls
Batting: LHB Pedro Díaz 0-0: Ball
1-0: Called Strike
1-1: Foul Ball, location: 2F
1-2: Foul Ball, location: 2F
1-2: Ball
2-2: Ball
3-2: Base on Balls
Gary Thomas to third
David Suarze to second
Batting: RHB José Méndez 0-0: Ball
1-0: Foul Ball, location: 2F
1-1: Foul Ball, location: 2F
1-2: Ball
2-2: Ground out 6-3 (Groundball, 6MS)
Top of the 6th over - 1 run, 2 hits, 0 errors, 3 left on base; Rio Grande 10 - Buffalo 2
BOTTOM OF THE 6TH
Buffalo LightSabres batting - Pitching for Rio Grande Rattlesnake : RHP Neil Snow
Batting: LHB Tim Griffith 0-0: Foul Ball, location: 2F
0-1: Foul Ball, location: 2F
0-2: Ball
1-2: SINGLE (Line Drive, 6)
Batting: RHB Augusto Padilla 0-0: Swinging Strike
0-1: Ball
1-1: Foul Ball, location: 2F
1-2: Strikes out swinging
Batting: LHB Garrett King 0-0: Called Strike
0-1: Ball
Passed Ball!
Tim Griffith to second
1-1: Foul Ball, location: 2F
1-2: Foul Ball, location: 2F
1-2: Strikes out swinging
Batting: RHB Brad Ravenshaw 0-0: Called Strike
0-1: Ball
1-1: Called Strike
1-2: Foul Ball, location: 2F
1-2: Strikes out looking
Bottom of the 6th over - 0 runs, 1 hit, 0 errors, 1 left on base; Rio Grande 10 - Buffalo 2
TOP OF THE 7TH
Rio Grande Rattlesnake batting - Pitching for Buffalo LightSabres : RHP Jerry Catron
Batting: LHB José Garza 0-0: Ball
1-0: Called Strike
1-1: Ball
2-1: Foul Ball, location: 2F
2-2: Strikes out swinging, 2-3 out at first.
Batting: RHB Matt Dickson 0-0: Ball
1-0: Ground out 6-3 (Groundball, 6M)
Batting: RHB Jeff Bane 0-0: Fly out, F8 (Flyball, 89D)
Top of the 7th over - 0 runs, 0 hits, 0 errors, 0 left on base; Rio Grande 10 - Buffalo 2
BOTTOM OF THE 7TH
Buffalo LightSabres batting - Pitching for Rio Grande Rattlesnake : RHP Neil Snow
Batting: LHB Rob Davidson 0-0: Ball
1-0: Foul Ball, location: 2F
1-1: Swinging Strike
1-2: Foul Ball, location: 2F
1-2: Ground out 4-3 (Groundball, 4)
Batting: RHB Pat McDonald 0-0: Foul Ball, location: 2F
0-1: Fly out, F7 (Flyball, 78M)
Batting: LHB Sergio Luna 0-0: Called Strike
0-1: Swinging Strike
0-2: Foul Ball, location: 2F
0-2: Fly out, F8 (Line Drive, 8LXD)
Bottom of the 7th over - 0 runs, 0 hits, 0 errors, 0 left on base; Rio Grande 10 - Buffalo 2
TOP OF THE 8TH
Rio Grande Rattlesnake batting - Pitching for Buffalo LightSabres : RHP Jerry Catron
Batting: LHB Claudio Rodríguez 0-0: SINGLE (Groundball, 34D)
Batting: RHB Gary Thomas 0-0: Ball
1-0: Called Strike
1-1: SINGLE (Groundball, 6D)
Claudio Rodríguez to second
Batting: SHB Arnold Moore 0-0: Ball
1-0: Foul Ball, location: 2F
1-1: Called Strike
1-2: Ball
2-2: Ball
3-2: SINGLE (Flyball, 78S)
Claudio Rodríguez to third
Gary Thomas to second
Batting: RHB David Suarze 0-0: Foul Ball, location: 2F
0-1: Ball
1-1: Ball
2-1: Swinging Strike
2-2: Foul Ball, location: 2F
2-2: Fielders Choice at 2nd, 3-6 (Groundball, 34)
Claudio Rodríguez scores
Gary Thomas to third
Pitching: RHP Travis Whitney
Batting: LHB Pedro Díaz 0-0: Ball
1-0: Ball
2-0: Called Strike
2-1: Foul Ball, location: 2F
2-2: Strikes out looking
David Suarze steals 2nd base
Batter strikes out.
Batting: RHB José Méndez 0-0: Called Strike
0-1: Ball
1-1: Ball
2-1: Fly out, F5 (Line Drive, 56)
Top of the 8th over - 1 run, 3 hits, 0 errors, 2 left on base; Rio Grande 11 - Buffalo 2
BOTTOM OF THE 8TH
Buffalo LightSabres batting - Pitching for Rio Grande Rattlesnake : RHP Neil Snow
Now at C: Cristián Román
Now at SS: Geomar Dalsoglio
Now in RF: Justin Holland
Batting: LHB Júlio Córdova 0-0: Ball
1-0: Called Strike
1-1: Ball
2-1: Ground out 3-1 (Groundball, 34S)
Batting: RHB Sean King 0-0: Fly out, F8 (Flyball, 89D)
Batting: LHB Tim Griffith 0-0: Ball
1-0: Fly out, F7 (Flyball, 78S)
Bottom of the 8th over - 0 runs, 0 hits, 0 errors, 0 left on base; Rio Grande 11 - Buffalo 2
TOP OF THE 9TH
Rio Grande Rattlesnake batting - Pitching for Buffalo LightSabres : RHP Travis Whitney
Pitching: RHP Raymond Gibbons
Batting: LHB José Garza 0-0: Ball
1-0: Foul Ball, location: 2F
1-1: Ball
2-1: Ball
3-1: Ground out U3 (Groundball, 3L)
Batting: RHB Matt Dickson 0-0: Ball
1-0: Called Strike
1-1: Foul Ball, location: 2F
1-2: Ball
2-2: Ball
3-2: Foul Ball, location: 2F
3-2: Strikes out swinging
Batting: RHB Jeff Bane 0-0: Ball
1-0: Foul Ball, location: 2F
1-1: Ground out 5-3 (Groundball, 5)
Top of the 9th over - 0 runs, 0 hits, 0 errors, 0 left on base; Rio Grande 11 - Buffalo 2
BOTTOM OF THE 9TH
Buffalo LightSabres batting - Pitching for Rio Grande Rattlesnake : RHP Neil Snow
Batting: RHB Augusto Padilla 0-0: Foul Ball, location: 2F
0-1: Foul Ball, location: 2F
0-2: Ball
1-2: Ball
2-2: Ground out 6-3 (Groundball, 6)
Batting: LHB Garrett King 0-0: Called Strike
0-1: Fly out, F9 (Flyball, 9LS)
Batting: RHB Brad Ravenshaw 0-0: Ball
1-0: SINGLE (Line Drive, 78S)
Batting: LHB Rob Davidson 0-0: Ball
1-0: Called Strike
1-1: SINGLE (Line Drive, 4MD)
Brad Ravenshaw to second
Pitching: RHP Sterling Caldwell
Batting: RHB Pat McDonald 0-0: Called Strike
0-1: Foul Ball, location: 2F
0-2: Ball
1-2: Ball
2-2: Fly out, F3 (Popup, 3F)
Bottom of the 9th over - 0 runs, 2 hits, 0 errors, 2 left on base; Rio Grande 11 - Buffalo 2
Saturday, April 7th, 2018 - OOTP Baseball 18.8 Build 76